AoeStats
← Count Foxbat

Arabia

510269597Analyzed
1v1 RM · 2d ago on Sep 30, 2026· 31m 23s· 2 players
Game mode
Random Map
Map size
Tiny (2 player)
Population
200
Speed
Normal
Resources
Standard
Victory
Conquest
Starting age
Dark Age
Ending age
Imperial Age
RankedLock teamsTeams togetherTeam positionsShared explorationLock speedFull tech treeHidden civsTurbo modeCheats
Victory
Defeat
🇩🇪 Franks · Germany
805
+38
🇹🇷 Bulgarians · Türkiye
805
-16
coogel8089
11:10 Feudal Age
15:57 Forging
22:13 Castle Age
29:57 Double-Bit Axe
31:21 Fletching
Count Foxbat
8:05 Loom
10:31 Feudal Age
26:00 Castle Age
28:16 Husbandry
29:36 Scale Barding Armor
Connection lost

Rejoining the realm…

Still unreachable

The connection could not be restored.

Session expired

The server has moved on; the page needs a fresh start.